 Dungeon Crawl Stone Soup version 0.30-a0-583-g19bae12e61 (webtiles) character file.

Game seed: 18086146478930863806

45 Citaku the Poker (level 3, -1/26 HPs)
             Began as a Human Wanderer on Jan 1, 2023.
             Killed by divine providence
             ... invoked by an orc priest
              (15 damage)
             ... on level 3 of the Dungeon.
             The game lasted 00:05:41 (2137 turns).

Citaku the Poker (Human Wanderer)                   Turns: 2137, Time: 00:05:41

Health: -1/26      AC:  8    Str: 10    XL:     3   Next: 90%
Magic:  3/3        EV: 10    Int: 11    God:
Gold:   99         SH:  0    Dex: 17    Spells: 2/2 levels left

rFire   . . .      SeeInvis .    b - +2 dagger (holy)
rCold   . . .      Faith    .    (no shield)
rNeg    . . .      Spirit   .    s - +0 ring mail
rPois   .          Reflect  .    (no helmet)
rElec   .          Harm     .    h - +1 cloak
rCorr   .          Rampage  .    (no gloves)
Will    .....                    c - +0 pair of boots
Stlth   ++                       (no amulet)
HPRegen 0.24/turn                (no ring)
MPRegen 0.08/turn                (no ring)

@: no status effects
A: no striking features
a: no special abilities


You were on level 3 of the Dungeon.
You visited 1 branch of the dungeon, and saw 3 of its levels.

You collected 99 gold pieces.

Inventory:

Hand Weapons
 a - a +2 mace
 b - a +2 dagger of holy wrath (weapon)
Missiles
 q - 6 javelins (quivered)
Armour
 c - a +0 pair of boots (worn)
 h - a +1 cloak (worn)
 s - a +0 ring mail (worn)
Wands
 m - a wand of mindburst (8)
Scrolls
 d - a scroll of silence
 i - a scroll of fear {unknown}
 j - a scroll of teleportation {unknown}
 k - a scroll of blinking {unknown}
 l - a scroll of identify {unknown}
 o - a scroll of magic mapping {unknown}
 r - a scroll of summoning {unknown}
Potions
 f - a potion of haste {unknown}
 g - a potion of resistance {unknown}
 n - 2 potions of curing {unknown}
 p - a potion of berserk rage {unknown}


   Skills:
 + Level 1.1 Fighting
 + Level 0.3 Short Blades
 + Level 3.5 Maces & Flails
 + Level 3.6 Polearms
 + Level 1.2 Dodging
 + Level 2.1 Stealth
 + Level 1.0 Evocations


You had 2 spell levels left.
You didn't know any spells.
Your spell library contained the following spells:

 Spells                   Type           Power      Damage    Failure   Level
 Kiss of Death            Conj/Necr      0%         2d5       67%         1
 Slow                     Hex            0%         N/A       67%         1
 Confusing Touch          Hex            0%         N/A       95%         3
 Vampiric Draining        Necr           0%         2d6       95%         3
 Dispel Undead            Necr           0%         3d6       100%        4


Dungeon Overview and Level Annotations

Branches:
Dungeon (3/15)

Altars:

Shops:
D:1 (*(=

Annotations:
D:3 Grinder


Message History

A kobold comes into view. It is wielding a +0 dagger.
The orc closely misses you.
Grinder drinks a potion.
Grinder flickers and vanishes!
Deactivating autopickup; reactivate with Ctrl-A.
There is an open door here.
You hit the orc.
The orc is moderately wounded.
You barely miss the orc.
The orc is moderately wounded.
The orc closely misses you.
You hit the orc.
The orc is severely wounded.
The orc barely misses you.
You hit the orc.
You kill the orc!
You hit the orc priest but do no damage.
The orc priest closely misses you.
You closely miss the orc priest.
You punch the orc priest, but do no damage.
The orc priest hits you with a +0 hand axe.
You barely miss the orc priest. The orc priest closely misses you.
You closely miss the orc priest.
The orc priest hits you but does no damage.
You hit the orc priest but do no damage.
The orc priest hits you with a +0 hand axe.
You barely miss the orc priest.
The orc priest hits you with a +0 hand axe.
You hit the orc priest.
The orc priest is moderately wounded.
The orc priest hits you with a +0 hand axe.
You hit the orc priest.
The orc priest is heavily wounded.
The orc priest hits you with a +0 hand axe.
You barely miss the orc priest.
The orc priest is heavily wounded.
The orc priest hits you but does no damage.
The orc priest invokes the aid of Beogh against you.
Beogh smites you!
Ouch! That really hurt!
You die...

#....#.........
....#.......#..
##....#...#....
###..##........#.
#....#...._......
#.......#...#.... .
#....#...#....#..
....####.........#...#..
.....oo@.....#......#...
....Ko##....###..#..#...
..... #................
...( #######.####..###
... #.# #..## .. ..# .


You could see 2 orc priests, an orc and a kobold.

Vanquished Creatures
  An orc (D:3)
  2 ball pythons (D:1)
  4 endoplasms (D:1)
  7 goblins
  6 hobgoblins
  4 jackals (D:1)
  4 quokkas
  2 bats (D:2)
  A frilled lizard (D:1)
  A kobold (D:1)
  4 rats
36 creatures vanquished.

Vanquished Creatures (others)
  3 plants (D:1)
3 creatures vanquished.

Grand Total: 39 creatures vanquished

Notes
Turn   | Place    | Note
-------+----------+-------------------------------------------
     0 | D:1      | Citaku the Human Wanderer began the quest for the Orb.
     0 | D:1      | Citaku set off with the following items: a +2 mace, a +0
                  | spear, a +0 pair of boots, a scroll of silence, a +0 robe.
     0 | D:1      | Reached XP level 1. HP: 15/15 MP: 1/1
   218 | D:1      | Found Fummises's Antique Weapon Shop.
   272 | D:1      | Reached XP level 2. HP: 16/21 MP: 2/2
   487 | D:1      | Found Muraoso's Assorted Antiques.
   499 | D:1      | Found Sengon's Jewellery Shoppe.
   549 | D:1      | Reached XP level 3. HP: 25/26 MP: 3/3
   715 | D:1      | Found Segafi's Weapon Shoppe.
  1832 | D:2      | Reached skill level 1 in Dodging
  2082 | D:3      | Found a faded altar of an unknown god.
  2122 | D:3      | Noticed Grinder
  2137 | D:3      | Killed from afar by an orc priest

Illustrated notes

Levels and vault maps discovered:
D:1:      lemuel_arrival_tunnels, layout_loops_corners, serial_shops,
          nicolae_shop_overgrown_old_shop, nicolae_lakefront_shop,
          nicolae_diamond_shop, nicolae_shop_advertising_works
          [nicolae_subvault_shop_adworks], minmay_misc_feat_ornament
D:2:      layout_basic
D:3:      layout_basic, hellmonk_ecumenical_altar_blasted, uniq_grinder

Skill      XL: |  1  2  3 |
---------------+----------+-----
Dodging        | 1 |  1.2
Fighting       | |  1.1
Short Blades   | |  0.3
Maces & Flails | |  3.5
Polearms       | |  3.6
Stealth        | |  2.1
Evocations     | |  1.0

Action                   || total
-------------------------++-------
Melee: Mace              ||    41
       Dagger            ||    71
       Punch             ||     3
  Use: Scroll            ||     1
 Stab: Sleeping          ||     6
Armor: Robe              ||    27
       Ring mail         ||     2
Dodge: Dodged            ||    75

Table legend: (Time is in decaauts)
 A = Elapsed time spent in this place.
 B = Non-inter-level travel time spent in this place.
 C = Inter-level travel time spent in this place.
 D = Time resting spent in this place.
 E = Time spent auto-exploring this place.
 F = Levels seen in this place.
 G = Mean time per level.
                   A        B        C        D        E       F      G
               +--------+--------+--------+--------+--------+-----+--------+
         Total |   2145 |   2142 |      3 |     78 |   1139 |   3 |  715.0 |
       Dungeon |   2145 |   2142 |      3 |     78 |   1139 |   3 |  715.0 |
               +--------+--------+--------+--------+--------+-----+--------+

Top non-repeatable levels by time:
     D:1: 1358 daAuts
     D:2: 684 daAuts
     D:3: 102 daAuts
